 Dungeon Crawl Stone Soup version 0.14-a0-759-g26e2352 (webtiles) character file.

351 PolkaDot the Jinx (level 5, -1/35 HPs)
             Began as a Vampire Enchanter on Nov 8, 2013.
             Was an Initiate of Ashenzari.
             Slain by an orc wizard
             ... wielding a +0,+0 orcish dagger
              (3 damage)
             ... while paralysed by a potion of paralysis
             ... on Level 4 of the Dungeon.
             The game lasted 00:10:39 (2408 turns).

PolkaDot the Jinx (Vampire Enchanter)               Turns: 2408, Time: 00:10:40

HP  -1/35        AC  3     Str 10      XL: 5   Next: 96%
MP   1/10        EV  2     Int 18      God: Ashenzari [......]
Gold 90          SH  0     Dex 14      Spells:  3 memorised,  2 levels left

Res.Fire  : . . .   See Invis. : +   a - +1 dagger
Res.Cold  : . . .   Warding    : .   b - +1 robe
Life Prot.: . . .   Conserve   : .   (no shield)
Res.Poison: .       Res.Corr.  : .   x - +0 cap
Res.Elec. : .       Clarity    : .   (no cloak)
Sust.Abil.: . .     Spirit.Shd : .   (no gloves)
Res.Mut.  : .       Stasis     : .   (no boots)
Res.Rott. : .       Flight     : +   (no amulet)
Saprovore : . . .                    f - cursed +3 ring of strength
                                     j - cursed ring of hunger

@: paralysed, regenerating quickly, exhausted, flying, slowed, slightly
resistant to hostile enchantments, stealthy
A: fangs 3, horns 1, see invisible, unbreathing
a: Renounce Religion


You were on level 4 of the Dungeon.
You worshipped Ashenzari.
Ashenzari was noncommittal.
You were full.

You visited 1 branch of the dungeon, and saw 4 of its levels.

You collected 90 gold pieces.

Inventory:

Hand weapons
 a - a +1,+1 dagger (weapon)
Missiles
 d - 26 darts (quivered)
 h - 11 silver darts
Armour
 b - a +1 robe (worn)
 x - a +0 cap (worn)
Magical devices
 n - a wand of draining (7) {unknown}
Scrolls
 g - a scroll of teleportation
 i - 2 scrolls of identify
 k - 2 scrolls of remove curse
 l - a scroll of enchant weapon I
 m - 2 scrolls of fear {unknown}
 o - a scroll of amnesia {unknown}
 p - 2 scrolls of magic mapping {unknown}
 r - 2 scrolls of recharging {unknown}
Jewellery
 f - a cursed +3 ring of strength (right hand)
 j - a cursed ring of hunger (left hand)
Potions
 e - a potion of resistance
 v - a potion of confusion {unknown}
 w - a potion of mutation {unknown}
 z - a potion of speed {unknown}
Books
 c - a book of Maledictions

   Spells                             Type                      Level
   *Corona                            Hexes                        1
   Sure Blade                         Hexes/Charms                 2
   *Ensorcelled Hibernation           Hexes/Ice                    2
   *Confuse                           Hexes                        3
   Enslavement                        Hexes                        4
   Invisibility                       Hexes                        6


   Skills:
 - Level 3.1 Short Blades
 - Level 0.7 Throwing
 - Level 2.1 Dodging
 - Level 3.0 Stealth
 - Level 2.0 Spellcasting
 + Level 8.3 Hexes


You had 2 spell levels left.
You knew the following spells:

 Your Spells              Type           Power        Failure   Level  Hunger
A - Corona                Hex            ####...      1%          1    #......
C - Confuse               Hex            ####....     1%          3    ####...
D - Ensorcelled Hibernat  Hex/Ice        ###...       6%          2    ##.....


Dungeon Overview and Level Annotations

Branches:
Dungeon (4/27)
 Temple: D:4-7

Altars:
Ashenzari
the Shining One


Innate Abilities, Weirdness & Mutations

Your natural rate of healing is unusually fast.
You have razor-sharp teeth.*
You have supernaturally acute eyesight.
You can survive without breathing.*
You have a pair of small horns on your head.*


Message History

Press: ? - help, Shift-Dir - straight line, f - orc wizard
Aim: an orc wizard, wielding an orcish dagger and wearing an orcish robe (moving very quickly)
The orc wizard easily resists.
You hear the slow rusting of a drain nearby.
The orc wizard gestures at you while chanting.
You resist.
The orc wizard points at you and mumbles some strange words.
You resist.
Drink which item? (? for menu, Esc to quit)
You feel very buoyant.
You fly up into the air.
It was a potion of flight.
The orc wizard hits you with an orcish dagger.
* * * LOW HITPOINT WARNING * * *
The orc wizard barely misses you.
Drink which item? (? for menu, Esc to quit)
You suddenly lose the ability to move!
It was a potion of paralysis.
The orc wizard hits you with an orcish dagger.
* * * LOW HITPOINT WARNING * * *
The orc wizard hits you with an orcish dagger.
You die...

..................#
....####........>.# ## ..
#............ ...
≈≈...###..........## ##
∩≈≈................. ..
≈≈..####.......... ##
≈..........######
.........o#################
.........%@))..............
#........##################
.......(. .......# #######


You could see an orc wizard.

Vanquished Creatures
  An ogre (D:4)
  2 orc wizards (D:4)
  3 adders
  A giant mite (D:4)
  A worm (D:3)
  A giant gecko (D:1)
  7 orcs
  A bat skeleton (D:4)
  4 giant cockroaches
  9 hobgoblins
  4 kobolds
  2 quokkas
  4 ball pythons
  15 bats
  4 giant newts
  11 goblins
  6 rats
76 creatures vanquished.

Notes
Turn   | Place    | Note
--------------------------------------------------------------
     0 | D:1      | PolkaDot, the Vampire Enchanter, began the quest for the Orb.
     0 | D:1      | Reached XP level 1. HP: 13/13 MP: 4/4
   374 | D:1      | Reached XP level 2. HP: 19/19 MP: 5/5
   480 | D:1      | Found a glowing golden altar of the Shining One.
   882 | D:2      | Reached XP level 3. HP: 16/24 MP: 7/7
  1005 | D:2      | Learned a level 3 spell: Confuse
  1046 | D:2      | Found a shattered altar of Ashenzari.
  1051 | D:2      | Became a worshipper of Ashenzari the Shackled
  1427 | D:3      | Learned a level 2 spell: Ensorcelled Hibernation
  1605 | D:3      | Reached skill level 5 in Hexes
  1659 | D:3      | Reached XP level 4. HP: 30/30 MP: 7/9
  2190 | D:4      | Noticed an ogre
  2202 | D:4      | Killed an ogre
  2202 | D:4      | Reached skill level 7 in Hexes
  2202 | D:4      | Reached XP level 5. HP: 24/35 MP: 5/10
  2380 | D:4      | Reached skill level 8 in Hexes
  2395 | D:4      | Gained mutation: You have a pair of small horns on your head. [potion of beneficial mutation]
  2408 | D:4      | Paralysed by a potion of paralysis for 5 turns
  2408 | D:4      | Slain by an orc wizard

Action                   |  1- 3 |  4- 6 || total
-------------------------+-------+-------++-------
Melee: Dagger            |   156 |   145 ||   301
Throw: Dart              |    15 |       ||    15
 Cast: Ensorcelled Hiber |     4 |     9 ||    13
       Confuse           |     2 |     4 ||     6
  Use: Potion            |     2 |     5 ||     7
       Scroll            |     3 |     1 ||     4
 Stab: Sleeping          |     9 |     4 ||    13
       Confused          |       |     2 ||     2
